Cogmind - Beta 11.1 *** ADVENTURER MODE // 2022.04.30 @ 08:44:11 Player: An Result: Self-destructed Performance ------------- Evolutions (1) 500 Regions Visited (3) 600 Robots Destroyed (8) 40 Value Destroyed (120) 120 Prototype IDs (0) 0 Alien Tech Used (0) 0 Bonus (0) 0 TOTAL SCORE: 1260 Bonus ------- None Cogmind --------- Core Integrity 400/400 Matter 300/300 Energy 100/100 System Corruption 0% Temperature Cool (0) Movement Flying (37) Location -9/Materials Parts ------- > --- POWER (1) -------- (None) > --- PROPULSION (2) --- Flight Unit Flight Unit > --- UTILITY (4) ------ Signal Interpreter > --- WEAPON (2) ------- Light Cannon > --- INVENTORY (5) ---- Light Cannon Rocket Launcher Mining Laser Peak State ------------ > --- POWER ------------ (None) > --- PROPULSION ------- Hover Unit Hover Unit > --- UTILITY ---------- Sensor Array Signal Interpreter > --- WEAPON ----------- Small Laser Light Assault Rifle > --- INVENTORY -------- Compact Wheel Small Storage Unit Light Cannon Light Cannon Light Cannon [Rating: 6] Favorites ----------- Power Light Ion Engine Engine Light Ion Engine Propulsion Flight Unit Wheel Compact Wheel Hover Unit Hover Unit Flight Unit Flight Unit Utility Signal Interpreter Device Sensor Array Storage Small Storage Unit Processor Signal Interpreter Weapon Light Assault Rifle Energy Gun Small Laser Ballistic Gun Light Assault Rifle Ballistic Cannon Light Cannon Build | -11 -10 -10 -9 ------- Run | Scr Mat Min Mat Slots Evolved 2 | . . . 2 Power . | . . . . Propulsion . | . . . . Utility 2 | . . . 2 Weapon . | . . . . Parts Attached 12 | 2 7 3 . Power 1 | . 1 . . Engine 1 | . 1 . . Core . | . . . . Reactor . | . . . . Propulsion 5 | . 3 2 . Treads . | . . . . Leg . | . . . . Wheel 1 | . 1 . . Hover 2 | . 2 . . Flight 2 | . . 2 . Utility 3 | . 3 . . Device 1 | . 1 . . Storage 1 | . 1 . . Processor 1 | . 1 . . Hackware . | . . . . Protection . | . . . . Artifact . | . . . . Weapon 3 | 2 . 1 . Energy Gun 1 | 1 . . . Energy Cannon . | . . . . Ballistic Gun 1 | 1 . . . Ballistic Cannon 1 | . . 1 . Launcher . | . . . . Special Weapon . | . . . . Impact Weapon . | . . . . Slashing Weapon . | . . . . Piercing Weapon . | . . . . Special Melee Weapon . | . . . . Unidentified Prototypes . | . . . . Parts Lost 7 | . 3 4 . Power 1 | . . 1 . Propulsion 3 | . 2 1 . Utility 1 | . 1 . . Weapon 2 | . . 2 . Highest Loss Streak 4 | . 3 4 . To Critical Strikes . | . . . . Average Slot Usage (%) 60 | . 65 54 . Engine 1 | . 1 1 . Wheel 2 | . 3 1 . Hover 5 | . 10 . . Flight 11 | . . 22 . Device 2 | . 4 . . Storage 2 | . 3 2 . Processor 13 | . 13 14 . Energy Gun 7 | . 14 . . Ballistic Gun 7 | . 14 1 . Ballistic Cannon 5 | . . 10 . Naked Turns . | . . . . Heaviest Build 10 | 2 10 10 . Greatest Support 16 | 3 16 16 . Greatest Overweight (x) 1 | . . 1 . Average Overweight (x) . | . . . . Largest Inventory Capacity 8 | 5 8 8 . Average Capacity 5 | 5 5 5 . Most Carried 7 | 4 7 7 . Average Carried 4 | 1 4 3 . Final Capacity 8 | 5 8 5 5 Final Carried 7 | 4 7 3 3 Class Distribution -------------------- 100% | Mutant Dominant Class ---------------- Mutant | -10/Materials Mutant | -10/Mines Mutant | -9/Materials Resources | -11 -10 -10 -9 ----------- Run | Scr Mat Min Mat Matter Collected 334 | 195 89 50 . Remotely . | . . . . Salvage Created 203 | . 185 18 . Parts 22 | . 22 . . Haulers Intercepted . | . . . . Recyclers Shooed 1 | . 1 . . Parts Field Recycled . | . . . . Retrieved Matter . | . . . . Parts Self-Destructed . | . . . . Prevented . | . . . . Kills | -11 -10 -10 -9 ------- Run | Scr Mat Min Mat Combat Hostiles Destroyed 7 | . 5 2 . Guns 5 | . 5 . . Cannons 2 | . . 2 . Classes Destroyed 6 | . 5 1 . Worker 1 | . 1 . . Builder 1 | . 1 . . Watcher 1 | . 1 . . Swarmer 3 | . 3 . . Grunt 2 | . 2 . . Assembled 2 | . . 2 . Best Kill Streak 7 | . 7 1 . Combat Bots Only 3 | . 3 1 . Max Kills in Single Turn 2 | . 2 1 . Gunslinging 1 | . 1 . . Exploded . | . . . . Melee . | . . . . Uniques/NPCs Destroyed . | . . . . Combat | -11 -10 -10 -9 -------- Run | Scr Mat Min Mat Damage Taken 600 | . 238 362 . Core 246 | . 69 177 . Absorbed by Shields . | . . . . Core Remaining (%) 50 | 100 . 1 . Volleys Fired 24 | . 19 5 . Largest 2 | . 2 1 . Hottest 60 | . 60 35 . Shots Fired 42 | . 37 5 . Gun 37 | . 37 . . Cannon 5 | . . 5 . Launcher . | . . . . Special . | . . . . Kinetic 24 | . 19 5 . Thermal 18 | . 18 . . Explosive . | . . . . Electromagnetic . | . . . . Robot Hit Streak 10 | . 10 3 . Robot Miss Streak 3 | . 3 1 . Penetration Max . | . . . . Secondary Targets 3 | . 3 . . Max Gunslinging Chain 1 | . 1 . . Shots Hit Robots 25 | . 22 3 . Core Hits 14 | . 11 3 . Critical Kills . | . . . . Critical Parts Destroyed . | . . . . Critical Strikes . | . . . . Melee Attacks . | . . . . Impact . | . . . . Slashing . | . . . . Piercing . | . . . . Sneak Attacks . | . . . . Combat Hostiles . | . . . . Follow-up Attacks . | . . . . Damage Inflicted 289 | . 233 56 . Guns 233 | . 233 . . Cannons 56 | . . 56 . Explosions . | . . . . Melee . | . . . . Ramming . | . . . . Kinetic 150 | . 94 56 . Thermal 139 | . 139 . . Explosive . | . . . . Electromagnetic . | . . . . Impact . | . . . . Slashing . | . . . . Piercing . | . . . . Highest Corruption . | . . . . Average Corruption . | . . . . Corruption Purged . | . . . . Corruption Blocked . | . . . . Overload Shots . | . . . . Overflow Damage . | . . . . Projectiles . | . . . . Explosions . | . . . . Melee . | . . . . Knockbacks . | . . . . Impact . | . . . . Kinetic . | . . . . Secondary . | . . . . Self-Inflicted Damage . | . . . . Shots . | . . . . Rammed . | . . . . Targets Rammed . | . . . . Kicked . | . . . . Crushed . | . . . . Highest Temperature 55 | . 55 . . Average Temperature 19 | . 19 . . Received Heat Transfer 105 | . 72 33 . Siege Activations . | . . . . Robots Corrupted . | . . . . Combat Hostiles . | . . . . Parts Fried . | . . . . Impact Corruptions . | . . . . Robots Melted . | . . . . Combat Hostiles . | . . . . Parts Melted . | . . . . Heat Transferred 325 | . 325 . . Parts Sabotaged . | . . . . Parts Stolen . | . . . . Parts Stripped . | . . . . Power Chain Reactions . | . . . . Missiles Intercepted . | . . . . Alert | -11 -10 -10 -9 ------- Run | Scr Mat Min Mat Peak Influence 140 | . 129 140 . Initial 46 | . . 42 46 Average 54 | . 60 58 . Maximum Alert Level . | . . . . Low Security (%) 100 | 100 100 100 . Level 1 . | . . . . Level 2 . | . . . . Level 3 . | . . . . Level 4 . | . . . . Level 5 . | . . . . High Security . | . . . . Max Security . | . . . . Squads Dispatched 1 | . 1 . . Investigation 1 | . 1 . . Extermination . | . . . . Reinforcement . | . . . . Assault . | . . . . Garrison . | . . . . Intercept . | . . . . Searches Triggered . | . . . . Construction Impeded . | . . . . Haulers Reinforced . | . . . . Active Scanning Responses . | . . . . Cargo Convoy Interrupts . | . . . . Stealth | -11 -10 -10 -9 --------- Run | Scr Mat Min Mat Distress Signals 1 | . 1 . . Communications Jammed . | . . . . Distress Signals . | . . . . Times Spotted 18 | . 7 11 . Peak Tracking Total 7 | . 4 7 . Tactical Retreats 4 | . . 4 . Traps | -11 -10 -10 -9 ------- Run | Scr Mat Min Mat Traps Triggered 1 | . 1 . . Indirectly . | . . . . Trap Hack Attempts . | . . . . Triggered . | . . . . Disarmed . | . . . . Reprogrammed . | . . . . Reused . | . . . . Traps Extracted . | . . . . Installed . | . . . . Triggered . | . . . . Machines | -11 -10 -10 -9 ---------- Run | Scr Mat Min Mat Machines Disabled . | . . . . Max in Single Turn . | . . . . Machines Sabotaged . | . . . . Garrisons Compromised . | . . . . Overloaded Fab Kills . | . . . . Hacking | -11 -10 -10 -9 --------- Run | Scr Mat Min Mat Machines Accessed 3 | . 1 2 . Terminals 3 | . 1 2 . Fabricators . | . . . . Repair Stations . | . . . . Recycling Units . | . . . . Scanalyzers . | . . . . Garrison Access . | . . . . Total Hacks 7 | . 3 4 . Successful 4 | . 1 3 . Failed 3 | . 2 1 . Catastrophic . | . . . . Database Lockouts . | . . . . Manual 1 | . 1 . . Terminals 7 | . 3 4 . Fabricators . | . . . . Repair Stations . | . . . . Recycling Units . | . . . . Scanalyzers . | . . . . Garrison Access . | . . . . Terminal Hacks 4 | . 1 3 . Record 1 | . . 1 . Branch Access Points 1 | . 1 . . Investigation Status 1 | . . 1 . Zone Layout 1 | . . 1 . Fabricator Hacks . | . . . . Repair Station Hacks . | . . . . Recycling Unit Hacks . | . . . . Scanalyzer . | . . . . Garrison Access Hacks . | . . . . Unauthorized Hacks . | . . . . Terminals . | . . . . Fabricators . | . . . . Repair Stations . | . . . . Recycling Units . | . . . . Scanalyzers . | . . . . Garrison Access . | . . . . Data Cores Recovered . | . . . . Used . | . . . . Hacking Detections 2 | . 1 1 . Full Trace Events 1 | . . 1 . Feedback Events . | . . . . Feedback Blocked . | . . . . Robot Schematics Acquired . | . . . . Robots Built . | . . . . Authchips . | . . . . Time . | . . . . Total Robot Build Rating . | . . . . Part Schematics Acquired . | . . . . Parts Built . | . . . . Authchips . | . . . . Time . | . . . . Total Part Build Rating . | . . . . Parts Repaired . | . . . . Time . | . . . . Parts Recycled . | . . . . Recycled Matter . | . . . . Retrieved Matter . | . . . . Retrieved Components . | . . . . Parts Scanalyzed . | . . . . Part Schematics Acquired . | . . . . Parts Damaged . | . . . . Bothacking | -11 -10 -10 -9 ------------ Run | Scr Mat Min Mat Used RIF Installer . | . . . . Robots Hacked . | . . . . Non-combat . | . . . . Combat . | . . . . Robot Hacks Applied . | . . . . Relay Couplers Released . | . . . . Fabnet Peak Effective % . | . . . . Robots Rewired . | . . . . Allies Hacked . | . . . . Hacks Repelled . | . . . . Allies | -11 -10 -10 -9 -------- Run | Scr Mat Min Mat Total Allies 5 | . . 5 . Largest Group 3 | . . 3 . Highest-Rated Group 41 | . . 41 . Highest-Rated Ally 31 | . . 31 . Total Orders . | . . . . Ally Attacks 14 | . . 14 . Total Damage 207 | . . 207 . Kills 6 | . . 6 . Allies Corrupted . | . . . . Allies Melted 1 | . . 1 . Intel | -11 -10 -10 -9 ------- Run | Scr Mat Min Mat Robot Analysis Total . | . . . . Derelict Logs Recovered 2 | . . 2 . Drone Launches . | . . . . Drone Recoveries . | . . . . Exploration | -11 -10 -10 -9 ------------- Run | Scr Mat Min Mat Turns Passed 434 | 38 191 205 . Spaces Moved 619 | 61 196 362 . Core 191 | 61 105 25 . Treads . | . . . . Legs . | . . . . Wheels 62 | . 42 20 . Hover 49 | . 49 . . Flight 317 | . . 317 . Fastest Speed 37 | 50 50 37 . Average Speed 49 | 50 62 41 . Slowest Speed 100 | 50 100 100 . Overloaded Moves . | . . . . Propulsion Burnouts . | . . . . Robots Hopped 4 | . . 4 . Cave-ins Triggered . | . . . . Exploration Rate (%) 24 | 4 30 61 1 Regions Visited 3 Branch Regions 1 Pre-discovered Areas 1 | . . 1 . Known Exits Taken 2 | . 1 1 . Unknown Exits Taken 1 | 1 . . . Scrap Searched 2 | . . 2 . Spaces Dug . | . . . . Terrain Destroyed . | . . . . Melee . | . . . . Projectile . | . . . . AOE . | . . . . Terrain Rammed . | . . . . Walls Destroyed . | . . . . Machines Disabled . | . . . . Actions | -11 -10 -10 -9 --------- Run | Scr Mat Min Mat Total 703 | 67 230 406 . Wait 40 | 1 . 39 . Move 608 | 60 195 353 . Hop 4 | . . 4 . Pick Up 12 | 4 7 1 . Fast Attach 7 | 2 5 . . Attach 5 | . 2 3 . Detach . | . . . . Swap . | . . . . Drop 3 | . 2 1 . Fire 24 | . 19 5 . Melee . | . . . . Ram . | . . . . Kick . | . . . . Crush . | . . . . Escape Stasis . | . . . . Rewire . | . . . . Trap . | . . . . Miscellaneous . | . . . . Route ------- -11/Scrapyard -10/Materials -10/Mines (discovered 2 exits: *Mat x2) -9/Materials History --------- Turn | Location | Event 7 | -11/Scrapyard | Discovered new exit (range 16) 39 | -11/Scrapyard | Entered Materials 104 | -10/Materials | Identified exit to Mines 201 | -10/Materials | Lost 3 parts (2n1u) 230 | -10/Materials | Entered Mines 231 | -10/Mines | Assembled infested the area 236 | -10/Mines | Assisted by a Guerilla fighting off Assembled 257 | -10/Mines | Core integrity fell below 50% 260 | -10/Mines | Core integrity fell below 20% 267 | -10/Mines | Learned 2 Materials zone layouts 275 | -10/Mines | Received a Rocket Launcher from a helpful Derelict 288 | -10/Mines | Lost 4 parts (1p1n2w) 296 | -10/Mines | Learned location of Zion (-6) 306 | -10/Mines | Build established: Mutant 319 | -10/Mines | Assisted by bots powering up and referring to "LRC-V3" 374 | -10/Mines | Discovered new exit (range 8) 375 | -10/Mines | Discovered new exit (range 7) 380 | -10/Mines | Identified exit to Materials 435 | -10/Mines | Entered Materials 435 | -9/Materials | Accompanied by 3 allies 435 | -9/Materials | Evolved 2 slots: Utility x2 435 | -9/Materials | Self-destructed Last Messages --------------- Retrieving latest reported positions... No active investigation squads found. 00380_ EXIT=IDENTIFIED: MATERIALS 00382_ Acquired 4 matter. 00386_ Connecting with Terminal... >>Layout(Zone) Retrieving Zone 5V layout... Downloaded map data. 00401_ as-79671 destroyed. 00403_ Searching scrap... 00403_ Found Signal Interpreter. 00403_ Found 18 Matter. 00404_ Acquired 16 matter. 00419_ R-06 Scavenger collects Wheel. 00421_ R-06 Scavenger collects Sml. Matter Pod. 00425_ R-06 Scavenger collects Med. Matter Pod. 00428_ R-06 Scavenger collects Lgt. Ion Engine. PARAMETERS=UTILITY+2 LOCATION=MATERIALS GOAL=ESCAPE Map ----- +----------------------------------------------------+ | | | | | | | | | | | | | | | | | | | | | | | | | | | | | ??????????????????????????????????????????????? | | ??????????????????????????????????????????????? | | ??????????????????????????????????????????????? | | ??????????????????????????????????????????????? | | ??????????????????????????????????????????????? | | ??????????????????????????????????????????????? | | ??????????????????????????????????????????????? | | ??????????????????????????????????????????????? | | ??????????????????????????????????????????????? | | ????????????????????###########+###???????????? | | ????????????????????# g ????????? | | ????????????????????# @ g g ????????? | | ????????????????????# ????????? | | ????????????????????######+########???????????? | | ??????????????????????????????????????????????? | | ??????????????????????????????????????????????? | | ??????????????????????????????????????????????? | | ??????????????????????????????????????????????? | | ??????????????????????????????????????????????? | | ??????????????????????????????????????????????? | | ??????????????????????????????????????????????? | | ??????????????????????????????????????????????? | | ??????????????????????????????????????????????? | | ??????????????????????????????????????????????? | | ??????????????????????????????????????????????? | | ??????????????????????????????????????????????? | | ??????????????????????????????????????????????? | | ??????????????????????????????????????????????? | | ??????????????????????????????????????????????? | | ??????????????????????????????????????????????? | | ??????????????????????????????????????????????? | | ??????????????????????????????????????????????? | | ??????????????????????????????????????????????? | | ??????????????????????????????????????????????? | | ??????????????????????????????????????????????? | | ??????????????????????????????????????????????? | +----------------------------------------------------+ Best States ------------- Heat Dissipation 25 Energy Generation 10 Energy Capacity 125 Matter Stores 300 Matter Capacity 300 Sight Range 16 Robot Scan Range 14 Terrain Scan Density 10 Resistance: KI 20 Resistance: TH 20 Resistance: EX 20 Resistance: EM 20 Resistance: I 20 Resistance: S 20 Resistance: P 20 Evasion (%) 62 Offensive Hacking 10 Item Schematics ----------------- None Robot Schematics ------------------ None Fabricated ------------ Nothing Alien Tech Used ----------------- None Achievements -------------- None Challenges ------------ None Game ------ Seed ThermicLightpackPit Manual? 0 Play Time 00:08:32 Cumulative 29.6 hours Start 2022.04.30 @ 06:50:15 End 2022.04.30 @ 08:44:11 Sessions 1 Manual Loads 0 Difficulty Adventurer Special Mode None Game No. 20 Rogue 0 Adventurer 20 Explorer 0 Win Type - Total 1 Types 1/0/0/0/0/0/0/0/0 Lore% 21 Gallery% 38 Achievement% 37 Wizard Run 0 Options --------- ASCII 0 Keyboard 1 Movement Numpad Keybinds 0 Fullscreen 2 Font 18/SmallcapsGlow Map View 76x50 Tactical HUD 1 Map Filters NONE Filters NONE Steam 0 RUN: 4a7d8498-470c-4e79-9b39-87e3389c8261